 Dungeon Crawl Stone Soup version 0.31-a0-369-g8eba5f6939 (webtiles) character file.

Game seed: 14962061203445548013

6931 bobarctor the Thaumaturge (level 10, -1/63 HPs)
             Began as a Demonspawn Necromancer on July 29, 2023.
             Was a Believer of Kikubaaqudgha.
             Slain by a hornet (10 damage)
             ... while paralysed by a hornet
             ... on level 9 of the Dungeon.
             The game lasted 00:49:16 (10361 turns).

bobarctor the Thaumaturge (Demonspawn Necromancer) Turns: 10361, Time: 00:49:17

Health: -1/63      AC:  9    Str:  9    XL:     10   Next: 80%
Magic:  18/26      EV:  2    Int: 30    God:    Kikubaaqudgha [**....]
Gold:   492        SH:  0    Dex: 14    Spells: 18/33 levels left

rFire   . . .        F - +2 whip (venom)
rCold   . . .        G - orb {*channel}
rNeg    . . .        X - +0 troll leather armour
rPois   .            (no helmet)
rElec   .            g - +0 cloak
rCorr   .            c - +1 pair of gloves {infuse}
SInv    .            U - +1 pair of boots
Will    .....        w - amulet of regeneration
Stlth   +++          Y - +6 ring of intelligence
HPRegen 1.90/turn    k - +4 ring of slaying
MPRegen 0.20/turn

%: random rage (3%), channel magic (20%), infuse magic (1 MP)
@: paralysed, lethally poisoned (-1 -> -28), slowed
A: big brain 2, demonic magic 2, demonic touch 1, berserk 1
a: Renounce Religion, Unearth Wretches


You were on level 9 of the Dungeon.
You worshipped Kikubaaqudgha.
Kikubaaqudgha was pleased with you.
You visited 2 branches of the dungeon, and saw 10 of its levels.
You also visited: Sewer.

You collected 634 gold pieces.
You spent 142 gold pieces at shops.

Inventory:

Hand Weapons
 f - a +0 dagger of venom
 n - a +3 quarterstaff of chaos
 F - a +2 whip of venom (weapon)
 J - a +3 whip
 K - a +3 spear of flaming
 S - a +3 mace of freezing
 T - a +3 scimitar
 W - the +2 dagger "Ugeizuiss" {heavy, Will+}
   (You found it on level 8 of the Dungeon)

   Will:      It increases your willpower.
Missiles
 e - 30 poisoned darts
 p - 2 boomerangs
 r - 3 javelins
 z - 3 throwing nets
Armour
 a - a +0 robe
 c - a +1 pair of gloves of infusion (worn)
 g - a +0 cloak (worn)
 v - a +0 helmet
 C - a +0 pair of gloves
 G - an orb of energy (worn)
 U - a +1 pair of boots (worn)
 X - a +0 troll leather armour (worn)
 Z - +0 steam dragon scales
Jewellery
 j - a ring of protection from cold
 k - a +4 ring of slaying (right hand)
 w - an amulet of regeneration (around neck)
 I - a +6 ring of strength
 Y - a +6 ring of intelligence (left hand)
Talismans
 R - a blade talisman
Wands
 o - a wand of flame (14)
 H - a wand of digging (5)
 N - a wand of paralysis (8)
 O - a wand of mindburst (19)
Scrolls
 h - 2 scrolls of enchant armour {unknown}
 l - 2 scrolls of teleportation {unknown}
 q - a scroll of butterflies {unknown}
 u - 2 scrolls of revelation
 y - 2 scrolls of enchant weapon {unknown}
 B - a scroll of poison {unknown}
 Q - a scroll of noise {unknown}
Potions
 b - a potion of magic
 d - a potion of brilliance {unknown}
 i - 2 potions of lignification {unknown}
 m - 2 potions of heal wounds
 t - a potion of ambrosia {unknown}
 x - 3 potions of curing
 A - 2 potions of haste
 D - a potion of invisibility {unknown}
 E - 2 potions of enlightenment
 L - a potion of attraction {unknown}
 M - a potion of degeneration {unknown}
 P - a potion of resistance {unknown}


   Skills:
 + Level 3.7 Dodging
 + Level 4.9 Stealth
 * Level 12.0 Spellcasting
 + Level 10.4 Necromancy


You had 18 spell levels left.
You knew the following spells:

 Your Spells              Type           Power      Damage    Failure   Level
a - Necrotise             Necr           100%       1d9       1%          1
b - Vampiric Draining     Necr           69%        2d10      1%          3
c - Agony                 Necr           69%        N/A       7%          5
d - Sublimation of Blood  Necr           69%        N/A       1%          2
e - Animate Dead          Necr           69%        N/A       3%          4

Your spell library contained the following spells:

 Spells                   Type           Power      Damage    Failure   Level
 Kiss of Death            Conj/Necr      100%       2d13      3%          1
 Summon Guardian Golem    Hex/Summ       18%        N/A       28%         3
 Orb of Destruction       Conj           9%         9d6       100%        7
 Spellforged Servitor     Conj/Summ      9%         N/A       100%        7


Dungeon Overview and Level Annotations

Branches:
Dungeon (9/15)             Temple (1/1) D:5           Sewer (visited)
   Lair: D:8-11         Orc: D:9-12

Altars:
Ashenzari
Cheibriados
Dithmenos
Fedhas
Gozag
Hepliaklqana
Kikubaaqudgha
Makhleb
Nemelex Xobeh
Okawaru
Qazlal
Ru
Sif Muna
Trog
Uskayaw
Vehumet
Wu Jian
Xom
Yredelemnul

Shops:
D:4 =   D:5 [   D:9 ?


Innate Abilities, Weirdness & Mutations

You have an extremely huge brain. (Int +4)
Spells you cast may paralyse nearby enemies.
Your touch may inflict minor irresistible damage on your foes.
You sometimes lose your temper in combat.


Message History

The killer bee poisons you! The hornet stings you.
You are more poisoned.
You feel yourself slow down. The killer bee closely misses you.
The killer bee misses you. The hornet stings you.
You feel as though you will be slow longer.
There is a stone staircase leading up, spattered with blood here.
Casting: Necrotise (safe; 1% risk of failure)
Confirm with . or Enter, or press ? or * to list all spells.
Aiming: Agony (dangerous; 7% risk of failure)
Press: ? - help, Shift-Dir - straight line, f - hornet
Aim: a hornet (chance to affect: 99%)
The hornet convulses!
Malevolent energies surge around you.
The killer bee suddenly stops moving!
You feel very sick. The killer bee barely misses you. The hornet misses you.
The killer bee stings you.
You are more poisoned.
The killer bee poisons you! The hornet stings you!
You are more poisoned.
You feel as though you will be slow longer.
The killer bee stings you but does no damage.
Casting: Agony (dangerous; 7% risk of failure)
Confirm with . or Enter, or press ? or * to list all spells.
Aiming: Vampiric Draining (safe; 1% risk of failure)
Press: ? - help, Shift-Dir - straight line, f/p - hornet
Aim: a hornet (heavily wounded)
You draw life force from the hornet!
You feel life coursing into your body. Malevolent energies surge around you.
You feel extremely sick. The killer bee barely misses you.
The hornet stings you!
You are more poisoned.
You feel as though you will be slow longer.
The killer bee closely misses you. The hornet stings you.
* * * LOW HITPOINT WARNING * * *
You suddenly lose the ability to move!
The killer bee stings you.
* * * LOW HITPOINT WARNING * * *
You are more poisoned.
The killer bee poisons you! The hornet stings you!
You die...
Kikubaaqudgha rasps: "You have failed me!
Welcome... death!"

. ..
...####
#......
#.....y##
#.....y@#
#......y#
#........
+.......##
#........
#.......#
#####...#
#.###


You could see a hornet and 2 killer bees.

Vanquished Creatures
  A two-headed ogre (D:8)
  A troll (D:8)
  A wyvern (D:8)
  19 yaks
  A steam dragon (D:8)
  A vampire mosquito (D:8)
  An acid dragon (D:8)
  2 water moccasins
  2 black bears
  An ogre (D:6)
  A centaur (D:7)
  2 kobold brigands
  4 bullfrogs
  A gnoll sergeant (D:6)
  2 scorpions (D:5)
  7 wights
  7 killer bees
  2 howler monkeys
  2 hounds
  Crazy Yiuf (D:2)
  3 jellies
  2 gnoll boudas (D:6)
  Ijyb (D:3)
  4 iguanas
  2 sleepcaps
  An orc wizard (D:7)
  14 gnolls
  3 adders
  A river rat (Sewer)
  2 shadow imps
  A white imp (D:7)
  An ufetubus (D:5)
  3 worms
  2 dart slugs
  7 orcs
  6 endoplasms
  3 giant cockroaches
  4 goblins
  5 hobgoblins
  4 jackals
  3 quokkas
  7 ball pythons
  A bat (D:3)
  3 frilled lizards
  11 kobolds
  10 rats
163 creatures vanquished.

Vanquished Creatures (collateral kills)
  2 yaks (D:8)
  An endoplasm (D:3)
  2 kobolds
5 creatures vanquished.

Grand Total: 168 creatures vanquished

Notes
Turn   | Place    | Note
-------+----------+-------------------------------------------
     0 | D:1      | bobarctor the Demonspawn Necromancer began the quest for
                  | the Orb.
     0 | D:1      | Reached XP level 1. HP: 13/13 MP: 3/3
    88 | D:1      | Found a faded altar of an unknown god.
   619 | D:1      | Gained mutation: Spells you cast may paralyse adjacent
                  | enemies. [demonic ancestry]
   619 | D:1      | Reached XP level 2. HP: 19/19 MP: 3/5
  1060 | D:2      | Found a runed translucent door.
  1198 | D:2      | Gained mutation: Your touch may inflict minor irresistible
                  | damage on your foes. [demonic ancestry]
  1198 | D:2      | Reached XP level 3. HP: 24/24 MP: 0/7
  1294 | D:2      | Learned a level 3 spell: Vampiric Draining
  1308 | D:2      | Reached skill level 5 in Necromancy
  1606 | D:2      | Reached skill level 3 in Spellcasting
  1934 | D:2      | Noticed Crazy Yiuf
  2056 | D:2      | Killed Crazy Yiuf
  2057 | D:2      | Reached XP level 4. HP: 30/30 MP: 2/8
  2859 | D:3      | Noticed Ijyb
  2865 | D:3      | Killed Ijyb
  2866 | D:3      | Gained mutation: You have an unusually large brain. (Int
                  | +2) [demonic ancestry]
  2866 | D:3      | Reached XP level 5. HP: 23/35 MP: 6/10
  2872 | D:3      | Learned a level 5 spell: Agony
  3235 | D:3      | Found a hide-covered altar of Uskayaw.
  3321 | D:4      | Found Valona's Jewellery Shoppe.
  3415 | D:4      | Noticed a black bear
  3423 | D:4      | Killed a black bear
  3424 | D:4      | Reached skill level 4 in Spellcasting
  3527 | D:4      | Reached XP level 6. HP: 41/41 MP: 7/12
  4179 | D:5      | Entered Level 5 of the Dungeon
  4224 | D:5      | Reached skill level 5 in Spellcasting
  4416 | D:5      | Found Mwindo's Dragon-Slaying Spoils.
  4460 | D:5      | Reached XP level 7. HP: 46/46 MP: 8/15
  5031 | D:5      | Found a staircase to the Ecumenical Temple.
  5042 | Temple   | Entered the Ecumenical Temple
  5088 | Temple   | Became a worshipper of Kikubaaqudgha
  5222 | D:6      | Found a glowing drain.
  5230 | Sewer    | Entered a sewer
  5311 | Sewer    | Reached skill level 6 in Spellcasting
  5824 | D:6      | Found a sacrificial altar of Ru.
  5859 | D:6      | Reached * piety under Kikubaaqudgha
  5859 | D:6      | Received a gift from Kikubaaqudgha
  5863 | D:6      | Learned a level 2 spell: Sublimation of Blood
  6005 | D:6      | Reached XP level 8. HP: 52/52 MP: 14/18
  6026 | D:6      | Reached skill level 7 in Spellcasting
  6831 | D:7      | Reached skill level 8 in Spellcasting
  6982 | D:7      | Gained mutation: You have an extremely huge brain. (Int +4)
                  | [demonic ancestry]
  6982 | D:7      | Reached XP level 9. HP: 42/57 MP: 15/21
  6987 | D:7      | Reached skill level 9 in Spellcasting
  7749 | D:7      | Found a burning altar of Makhleb.
  7938 | D:7      | Reached ** piety under Kikubaaqudgha
  8284 | D:8      | Reached skill level 10 in Spellcasting
  8559 | D:7      | Gained mutation: Spells you cast may paralyse nearby
                  | enemies. [demonic ancestry]
  8559 | D:7      | Reached XP level 10. HP: 46/63 MP: 19/24
  8706 | D:8      | Noticed a two-headed ogre
  8742 | D:8      | Killed a two-headed ogre
  8749 | D:8      | Reached skill level 11 in Spellcasting
  8757 | D:8      | Learned a level 4 spell: Animate Dead
  8791 | D:8      | Reached skill level 10 in Necromancy
  8985 | D:8      | Found a shimmering blue altar of Sif Muna.
  9133 | D:8      | Identified the +2 dagger "Ugeizuiss" {heavy, Will+}
  9611 | D:8      | Reached skill level 12 in Spellcasting
  9899 | D:9      | Found Ycwuahus's Magic Scroll Boutique.
  9903 | D:9      | Bought a scroll of revelation for 112 gold pieces
  9903 | D:9      | Bought a scroll of identify for 30 gold pieces
  9936 | D:8      | Gained mutation: You have supernaturally acute eyesight.
                  | (SInv) [potion of mutation]
  9936 | D:8      | Gained mutation: You have hidden genetic defects. [potion
                  | of mutation]
  9937 | D:8      | Lost mutation: You have supernaturally acute eyesight.
                  | (SInv) [potion of mutation]
  9937 | D:8      | Lost mutation: You have hidden genetic defects. [potion of
                  | mutation]
  9937 | D:8      | Gained mutation: You possess an exceptional clarity of
                  | mind. [potion of mutation]
  9937 | D:8      | Gained mutation: You have a pair of small horns on your
                  | head. [potion of mutation]
  9937 | D:8      | Gained mutation: Your muscles are strong. (Str +4, Int/Dex
                  | -1) [potion of mutation]
  9938 | D:8      | Lost mutation: You possess an exceptional clarity of mind.
                  | [potion of mutation]
  9938 | D:8      | Lost mutation: Your muscles are strong. (Str +4, Int/Dex
                  | -1) [potion of mutation]
  9938 | D:8      | Lost mutation: You have a pair of small horns on your head.
                  | [potion of mutation]
  9938 | D:8      | Gained mutation: You sometimes lose your temper in combat.
                  | [potion of mutation]
 10361 | D:9      | Paralysed by a hornet for 2 turns
 10361 | D:9      | Slain by a hornet

Illustrated notes

Levels and vault maps discovered:
D:1:      spicycebolla_arrival_xxxplode, layout_loops_ring,
          shapermc_ecumenical_altar_ellora
D:2:      layout_basic, serial_forest, infiniplex_forest_clump_tiny,
          infiniplex_forest_split, infiniplex_forest_straight_5,
          infiniplex_forest_clump_tiny, infiniplex_forest_lined_3_way,
          infiniplex_forest_straight_2, infiniplex_forest_lined_4_way,
          minmay_misc_feat_five, minmay_misc_feat_room, uniq_crazy_yiuf_cottage
D:3:      layout_loops_corners, lemuel_doored_altar, st_stairs_5, uniq_ijyb
D:4:      layout_cave_pools, kennysheep_minor_cross, kennysheep_diamond,
          nicolae_stop_n_shop_2, serial_bayou_pond_c
D:5:      layout_loops_ring, minmay_temple_entry_nine_rooms,
          nicolae_shop_dragon_depot, corexii_hall_statues_t
D:6:      layout_gridville, nicolae_ru_awakened_eye,
          cheibrodos_sewer_entry_drain
D:7:      layout_loops_corners, lightli_temple_of_fire, dreamdust_wishing_well
D:8:      minmay_distorted_concentric_squares, layout_basic,
          nicolae_sif_muna_condensation, minivault_4
D:9:      layout_basic, serial_shops, nicolae_shop_statue_plus,
          nicolae_stop_n_shop_1, shop, kennysheep_mini
Temple:   nicolae_temple_bog_church

Skill      XL: |  1  2  3  4  5  6  7  8  9 10 |
---------------+-------------------------------+-----
Necromancy     | 5 6 7 8 9 10 | 10.4
Spellcasting   | 3 4 5 6 8 10 12 | 12.0
Stealth        | 2 3 4 |  4.9
Dodging        | 2 3 |  3.7

Action                     |  1- 3 |  4- 6 |  7- 9 | 10-12 || total
---------------------------+-------+-------+-------+-------++-------
  Melee: Dagger            |     7 |    24 |     1 |       ||    32
         Touch             |       |     2 |     1 |       ||     3
         Quarterstaff      |       |     2 |       |       ||     2
         Punch             |       |     1 |       |       ||     1
         Whip              |       |       |    64 |    89 ||   153
         Spear             |       |       |    45 |     9 ||    54
   Cast: Necrotise         |    47 |    73 |   120 |    18 ||   258
         Vampiric Draining |       |       |    31 |    12 ||    43
         Agony             |       |       |     1 |     4 ||     5
    Use: Potion            |       |       |       |     3 ||     3
         Scroll            |       |       |       |     2 ||     2
   Stab: Paralysed         |     2 |     1 |    11 |     5 ||    19
 Armour: Robe              |     1 |     9 |    26 |    31 ||    67
         Troll leather arm |       |       |       |    12 ||    12
  Dodge: Dodged            |     6 |    18 |    96 |    81 ||   201

Table legend: (Time is in decaauts)
 A = Elapsed time spent in this place.
 B = Non-inter-level travel time spent in this place.
 C = Inter-level travel time spent in this place.
 D = Time resting spent in this place.
 E = Time spent auto-exploring this place.
 F = Levels seen in this place.
 G = Mean time per level.
                   A        B        C        D        E       F      G
               +--------+--------+--------+--------+--------+-----+--------+
         Total |  10441 |   9842 |    599 |   1760 |   6295 |  11 |  949.2 |
       Dungeon |  10036 |   9473 |    563 |   1673 |   6223 |   9 | 1115.1 |
        Temple |     73 |     38 |     35 |      0 |      0 |   1 |   73.0 |
         Sewer |    332 |    332 |      0 |     87 |     71 |   1 |  332.0 |
               +--------+--------+--------+--------+--------+-----+--------+

Top non-repeatable levels by time:
     D:8: 1704 daAuts
     D:7: 1605 daAuts
     D:6: 1348 daAuts
     D:2: 1339 daAuts
     D:3: 1204 daAuts
     D:5: 1052 daAuts
     D:1: 882 daAuts
     D:4: 882 daAuts
   Sewer: 332 daAuts
  Temple: 73 daAuts
     D:9: 16 daAuts
